 Dungeon Crawl Stone Soup version 0.18.1-48-g4cf74bf (webtiles) character file.

119 Melfield the Skirmisher (level 5, -2/34 HPs)
             Began as a Gargoyle Berserker on Aug 11, 2016.
             Was a Priest of Trog.
             Slain by a slave (3 damage)
             ... led by Pikel
             ... on level 4 of the Dungeon.
             The game lasted 00:13:36 (2898 turns).

Melfield the Skirmisher (Gargoyle Berserker)        Turns: 2898, Time: 00:13:37

Health: -2/34      AC: 13    Str: 21    XL:     5   Next: 3%
Magic:  5/5        EV:  8    Int:  8    God:    Trog [***...]
Gold:   129        SH:  0    Dex:  9    Spells: 0 memorised, 4 levels left

rFire  . . .     SeeInvis .     b - +0 mace (crush)
rCold  . . .     Gourm    .     p - +0 chain mail
rNeg   + . .     Faith    .     (no shield)
rPois  ∞         Spirit   .     (no helmet)
rElec  +         Dismiss  .     (no cloak)
rCorr  .         Reflect  .     (no gloves)
SustAt .         Harm     .     (no boots)
MR     .....                    (no amulet)
Stlth  ..........               (no ring)
                                l - ring of loudness (curse)

@: exhausted, very slightly contaminated, hasted and slowed, not resistant to
hostile enchantments, extremely unstealthy
A: negative energy resistance 1, electricity resistance, unbreathing,
petrification resistance, rot immunity, AC +4
a: Berserk, Trog's Hand, Burn Spellbooks, Renounce Religion


You were on level 4 of the Dungeon.
You worshipped Trog.
Trog was most pleased with you.
You were full.

You visited 1 branch of the dungeon, and saw 4 of its levels.

You collected 129 gold pieces.

Inventory:

Hand Weapons
 a - a +0 mace
 b - a +0 mace of crushing (weapon)
Armour
 p - a +0 chain mail (worn)
 q - a +0 scale mail
Jewellery
 l - a cursed ring of loudness (left hand)
Scrolls
 d - 4 scrolls of remove curse {unknown}
 e - a scroll of identify {unknown}
 g - 3 scrolls of teleportation {unknown}
Potions
 j - a potion of heal wounds {unknown}
 k - a potion of brilliance {unknown}
 m - 2 potions of flight {unknown}
 o - a potion of agility {unknown}
Comestibles
 c - a bread ration


   Skills:
 + Level 4.3 Fighting
 + Level 3.4 Maces & Flails
 + Level 3.3 Armour
 + Level 2.4 Dodging
 + Level 0.2 Stealth


You had 4 spell levels left.
You didn't know any spells.

Dungeon Overview and Level Annotations

Branches:
Dungeon (4/15)
 Temple: D:4-7

Altars:
Cheibriados
Trog
Yredelemnul

Annotations:
D:3 Pikel


Innate Abilities, Weirdness & Mutations

You are resistant to torment.
Your stone body is resilient (AC +4).
You are immune to poison.
You resist negative energy.
You are resistant to electric shocks.
You can survive without breathing.
You are immune to petrification.
You are immune to rotting.


Message History

The slave is moderately wounded.
The jackal bites you but does no damage.
The gnoll hits you but does no damage.
The jackal bites you but does no damage.
The slave hits you.
* * * LOW HITPOINT WARNING * * *
The slave barely misses you. The jackal barely misses you.
As you read the scroll labeled QIPSEL CEINOA, it crumbles to dust.
It is a scroll of amnesia.
You feel forgetful for a moment.
The jackal bites you but does no damage.
The gnoll hits you but does no damage. The slave closely misses you.
The jackal bites you but does no damage.
The slave misses you.
The jackal bites you but does no damage.
You closely miss the slave.
The jackal bites you but does no damage.
The gnoll hits you but does no damage. The jackal completely misses you.
The slave hits you.
You die...

. . . .
.#.. #.
#... ..###
...# ...
#...##
#.###.....#
#.hh@p.#
#.hhp###
#..pg#
#...##
#....
....#..
....# ##.
##### .. ..


You could see 3 slaves, a gnoll and 4 jackals.

Vanquished Creatures
  Terence (D:3)
  2 adders (D:2)
  A gnoll (D:4)
  An ooze (D:3)
  A giant gecko (D:2)
  4 ball pythons
  7 bats
  5 giant cockroaches
  3 goblins (D:1)
  9 hobgoblins
  8 jackals
  A quokka (D:2)
  7 giant newts
  4 kobolds
  6 rats
60 creatures vanquished.

Notes
Turn   | Place    | Note
--------------------------------------------------------------
     0 | D:1      | Melfield the Gargoyle Berserker began the quest for the Orb.
     0 | D:1      | Reached XP level 1. HP: 14/14 MP: 1/1
    86 | D:1      | Reached XP level 2. HP: 15/20 MP: 2/2
   576 | D:1      | Reached skill level 4 in Fighting
   608 | D:1      | Reached XP level 3. HP: 24/24 MP: 3/3
   653 | D:1      | Reached ** piety under Trog
  1127 | D:2      | Found a snail-covered altar of Cheibriados.
  1281 | D:2      | Found a bloodstained altar of Trog.
  1324 | D:2      | Reached XP level 4. HP: 28/29 MP: 4/4
  1570 | D:2      | Found a basalt altar of Yredelemnul.
  2817 | D:3      | Noticed Terence
  2826 | D:3      | Killed Terence
  2826 | D:3      | Reached *** piety under Trog
  2871 | D:4      | Noticed Pikel
  2871 | D:4      | Noticed a slave
  2873 | D:4      | Noticed a slave
  2876 | D:4      | Noticed a slave
  2876 | D:4      | Reached XP level 5. HP: 34/34 MP: 5/5
  2877 | D:4      | Noticed a slave
  2896 | D:4      | HP: 1/34 [slave[Pikel] (1)]
  2898 | D:4      | Slain by a slave

Skill      XL: |  1  2  3  4 |
---------------+-------------+-----
Fighting       | 4 |  4.3
Dodging        | 2 |  2.4
Armour         | 3 |  3.3
Maces & Flails | |  3.4
Stealth        | |  0.2

Action                   |  1- 3 |  4- 6 || total
-------------------------+-------+-------++-------
Melee: Mace              |    86 |    79 ||   165
Invok: Berserk           |     1 |     2 ||     3
  Use: Scroll            |       |     1 ||     1
       Potion            |       |     1 ||     1
  Eat: Bread ration      |     1 |     1 ||     2
       Meat ration       |       |     1 ||     1
Armor: Animal skin       |    11 |       ||    11
       Ring mail         |    24 |       ||    24
       Scale mail        |    14 |    67 ||    81
       Chain mail        |       |    70 ||    70
Dodge: Dodged            |    66 |   117 ||   183
